 Dungeon Sprint DCSS version 0.17-a0-1646-geb1493d (webtiles) character file.

520247 nuthulu the Conqueror (level 20, 256/256 HPs)
             Began as an Ogre Fighter on Aug 10, 2015.
             Was the Champion of Cheibriados.
             Escaped with the Orb!
             The game lasted 00:22:13 (3951 turns).

nuthulu the Conqueror (Ogre Fighter)                Turns: 3951, Time: 00:22:13

Health: 256/256    AC: 35    Str: 41    XL:     20   Next: 85%
Magic:  39/39      EV: 26    Int: 27    God:    Cheibriados [******]
Gold:   0          SH: 40    Dex: 30    Spells: 0 memorised, 42 levels left

rFire  + + +     SeeInvis +     J - +6 shillelagh "Devastator" {shatter}
rCold  + + .     Clarity  .     L - +9 gold dragon armour
rNeg   + . .     SustAt   .     K - +18 shield of the gong {rElec rN+ MR+ EV-5}
rPois  +         Gourm    .     b - +2 hat {SInv}
rElec  +         Spirit   +     P - +1 cloak {+Inv}
rCorr  .         Warding  .     (gloves unavailable)
rMut   .         NoTele   +     (boots unavailable)
MR     +++..                    U - amulet "Hoet" {Spirit rElec rC- Str+2 Stlth+}
Stlth  ..........               G - ring "Zeysuell" {*Contam rElec rF+ rC++ MP+9}
                                W - ring "Naocluif" {+Blink rF+ Int+5}

@: very slow, extremely resistant to hostile enchantments, extremely unstealthy
A: unfitting armour, deformed body, deterioration 2, low mp 2, tough skin 1,
weak 1
a: Bend Time, Temporal Distortion, Slouch, Step From Time, Renounce Religion,
Evoke Blink, Evoke Invisibility
0: Orb of Zot


You escaped.
You worshipped Cheibriados.
Cheibriados was exalted by your worship.
You were very full.

You visited 1 branch

Inventory:

Hand weapons
 a - a +0 flail
 J - the +6 shillelagh "Devastator" (weapon) {shatter}
   (You found it in the Dungeon)
Armour
 b - a +2 hat of see invisible (worn)
 c - a +0 shield
 K - the +18 shield of the gong (worn) {rElec rN+ MR+ EV-5}
   (You found it in the Dungeon)

   It affects your evasion (-5).
   It insulates you from electricity.
   It protects you from negative energy.
   It affects your resistance to hostile enchantments.
 L - a +9 gold dragon armour (worn)
 P - a +1 cloak of invisibility (worn)
Jewellery
 o - the ring of Leguggai {Fire Str+4}
   (You found it in the Dungeon)

   [ring of fire]

   It enhances your fire magic, and weakens your ice magic.
   It affects your strength (+4).
   It protects you from fire.
   It makes you vulnerable to cold.
 t - an uncursed ring of wizardry
 D - a +6 ring of dexterity
 E - a +6 ring of dexterity
 F - a +6 ring of intelligence
 G - the ring "Zeysuell" (right hand) {*Contam rElec rF+ rC++ MP+9}
   (You found it in the Dungeon)

   [ring of protection from fire]

   It protects you from fire.
   It greatly protects you from cold.
   It insulates you from electricity.
   It affects your magic capacity (+9).
   It causes magical contamination when unequipped.
 H - a +6 ring of strength
 I - a +6 ring of strength
 M - the amulet of Demm {+Rage Str+5 Dex-2}
   (You found it in the Dungeon)

   [amulet of rage]

   It affects your strength (+5).
   It affects your dexterity (-2).
   It lets you go berserk.
 Q - an uncursed amulet of resist corrosion
 S - a +4 ring of strength
 U - the amulet "Hoet" (around neck) {Spirit rElec rC- Str+2 Stlth+}
   (You found it in the Dungeon)

   [amulet of guardian spirit]

   It causes incoming damage to be split between your health and magic.
   It affects your strength (+2).
   It makes you vulnerable to cold.
   It insulates you from electricity.
   It makes you more stealthy.
 V - a +4 ring of strength
 W - the ring "Naocluif" (left hand) {+Blink rF+ Int+5}
   (You found it in the Dungeon)

   [ring of protection from fire]

   It affects your intelligence (+5).
   It protects you from fire.
   It lets you blink.
 X - the amulet of Ulijif {Faith Int+6}
   (You found it in the Dungeon)

   [amulet of faith]

   It allows you to gain divine favour quickly.
   It affects your intelligence (+6).
 Y - the ring of Idiub {-Tele rPois rN+ Int+2}
   (You found it in the Dungeon)

   [ring of positive energy]

   It affects your intelligence (+2).
   It protects you from poison.
   It protects you from negative energy.
   It prevents most forms of teleportation.
 Z - the ring of Xom's Bemusement {Ice Str+4}
   (You found it in the Dungeon)

   [ring of ice]

   It enhances your ice magic, and weakens your fire magic.
   It affects your strength (+4).
   It makes you vulnerable to fire.
   It protects you from cold.
Magical devices
 y - a wand of disintegration (7)
 A - a wand of fire (5)
 B - a wand of cold (5)
 C - a wand of draining (5)
 N - a wand of confusion (26)
 O - a wand of teleportation (6)
 T - a wand of heal wounds (3)
Scrolls
 k - 4 scrolls of blinking
 q - 4 scrolls of amnesia
 r - 3 scrolls of recharging
 s - 7 scrolls of fog
 u - 5 scrolls of identify
 v - 5 scrolls of remove curse
 w - 2 scrolls of fear
 R - 3 scrolls of brand weapon
Potions
 d - 4 potions of might
 f - 10 potions of curing
 g - 11 potions of heal wounds
 h - 8 potions of haste
 i - a potion of magic
 j - 3 potions of berserk rage
 l - a potion of brilliance
 m - 2 potions of invisibility
 n - 3 potions of resistance
 p - 5 potions of agility
Comestibles
 e - 3 bread rations
 x - 42 fruits
 z - 4 meat rations


   Skills:
 O Level 27 Fighting
 O Level 27 Maces & Flails
 + Level 14.7 Throwing
 O Level 27 Armour
 O Level 27 Dodging
 + Level 9.7 Stealth
 O Level 27 Shields
 + Level 9.8 Unarmed Combat
 + Level 11.5 Spellcasting
 O Level 27 Invocations
 + Level 8.9 Evocations


You had 42 spell levels left.
You didn't know any spells.

Dungeon Overview and Level Annotations

Branches:
Dungeon (1/1)

Altars:
Ashenzari
Cheibriados
Dithmenos
Elyvilon
Fedhas
Gozag
Kikubaaqudgha
Makhleb
Nemelex Xobeh
Okawaru
Qazlal
Ru
Sif Muna
Trog
Vehumet
Xom
Yredelemnul
Zin
The Shining One
Beogh
Jiyva
Lugonu


Innate Abilities, Weirdness & Mutations

You are too large for most types of armour.
You have tough skin (AC +1).
Armour fits poorly on your strangely shaped body.
Your body often deteriorates upon taking damage.
Your magical capacity is very low (-20% MP).
You are weak. (Str -2)


Message History

You see here a +2 cloak of invisibility.
You see here a lantern of shadows.
You see here a long sword.
You see here a +2 cloak of poison resistance.
You see here a dagger.
You see here a dagger.
You see here a +2 cloak of poison resistance.
You start resting.
Magic restored.
You start resting.
HP restored.
An exit appears before you!
Your surroundings seem different!
Found the Orb of Zot.
Found a staircase leading out of the dungeon.
You see here the Orb of Zot.
You pick up the Orb of Zot!
The Orb lets out a hideous shriek!
The lords of Pandemonium are not amused.
Beware!
Cheibriados tells them not to hurry.
Now all you have to do is get back out of the dungeon!
There is a staircase leading out of the dungeon here.
You have escaped!

))))........▓..▓.))))).▓..▓...8©8
...).))).)..▓.▓▓▓.....▓▓▓.▓..:.|[
....)|......▓..▓.......▓..▓..))}:
.)..(.).....▓.............▓......
....(.......▓.............▓......
....(.......▓▓▓▓▓▓▓▓▓▓▓▓▓▓▓....†.
▓...(...▓...▓8888888888888▓...††.
▓▓.....▓▓ ..▓8...........8▓..▓††.
▓.......▓...▓8..@........8▓.▓....
............▓8...........8▓......
............▓8888888888888▓▓▓▓▓▓▓
▓▓▓▓▓▓▓▓▓▓▓▓▓▓▓▓▓▓▓▓▓▓▓▓▓▓▓▓▓▓▓▓▓
.....8©8........▓........8©8.....
.):}}}}}.)}=....▓.|}:)=)|=[:})[.:
):)=|.:...}).|..▓.:|.)})|:):=||}:
".)|....||[=).}.▓.[:.|.)|=.[}.?[)
................▓.......}"}:}....


There were no monsters in sight!

Vanquished Creatures
  3 pandemonium lords (D)
  2 curse toes (D)
  A golden dragon (D)
  3 bone dragons (D)
  4 liches (D)
  5 quicksilver dragons (D)
  15 Orb Guardians (D)
  19 deep elf master archers (D)
  11 deep elf blademasters (D)
  An eldritch tentacle (D)
  3 tentacled starspawn (D)
  A storm dragon (D)
  5 greater nagas (D)
  9 iron dragons (D)
  2 draconian scorchers (D)
  A cacodemon (D)
  An angel (D)
  7 deep elf sorcerers (D)
  2 ghouls (D)
  4 spriggan defenders (D)
  13 vampire knights (D)
  7 green draconians (D)
  11 stone giants (D)
  2 black draconians (D)
  A dire elephant (D)
  4 white draconians (D)
  5 yellow draconians (D)
  5 red draconians (D)
  5 purple draconians (D)
  7 mottled draconians (D)
  7 deep elf annihilators (D)
  2 deep elf death magi (D)
  8 crystal guardians (D)
  A rakshasa (D)
  10 deep elf high priests (D)
  5 naga warriors (D)
  A hell beast (D)
  5 hydras (D)
  A spriggan air mage (D)
  4 vampire magi (D)
  7 anacondas (D)
  A thrashing horror (D)
  9 spriggan berserkers (D)
  9 iron golems (D)
  A sun demon (D)
  A soul eater (D)
  3 wretched stars (D)
  8 deep elf knights (D)
  A death drake (D)
  An infernal demonspawn (D)
  2 spriggan druids (D)
  6 skeletal warriors (D)
  A shadow demon (D)
  A flayed ghost (D)
  2 shambling mangroves (D)
  6 deep elf summoners (D)
  4 necromancers (D)
  7 deep elf conjurers (D)
  An orb spider (D)
  3 moths of wrath (D)
  A worldbinder (D)
  A faun (D)
  2 apocalypse crabs (D)
  3 sixfirhies (D)
  A black mamba (D)
  4 orange demons (D)
  2 guardian serpents (D)
  2 komodo dragons (D)
  2 spiny frogs (D)
  A hellion (D)
  2 naga magi (D)
  3 gargoyles (D)
  4 smoke demons (D)
  6 deep elf priests (D)
  An efreet (D)
  A fire drake (shapeshifter) (D)
  An ancient zyme (D)
  3 fire drakes (D)
  A polar bear (D)
  3 wind drakes (D)
  A polar bear (shapeshifter) (D)
  4 raiju (D)
  11 shadows (D)
  A blink frog (D)
  8 small abominations (D)
  Sigmund (D)
  A wraith (D)
  15 deep elf magi (D)
  3 spriggans (D)
  A wyvern (D)
  3 ynoxinuls (D)
  6 vampires (D)
  2 yaks (D)
  6 large abominations (D)
  A basilisk (D)
  5 neqoxecs (D)
  A fire bat (D)
  A hippogriff (D)
  10 deep elf fighters (D)
  A chaos spawn (D)
  A hungry ghost (D)
  2 steam dragons (D)
  6 nagas (D)
  3 wolves (D)
  A hell hound (D)
  7 water moccasins (D)
  3 mottled dragons (D)
  Duvessa (D)
  4 porcupines (D)
  2 black bears (D)
  6 wasps (D)
  A phantom (D)
  An orc warrior (D)
  4 necrophages (D)
  A crocodile (D)
  2 giant frogs (D)
  Blork the orc (D)
  15 earth elementals (D)
  8 wights (D)
  Dowan (D)
  4 scorpions (D)
  A crimson imp (D)
  17 starcursed masses (D)
  5 quasits (D)
  Crazy Yiuf (D)
  2 iguanas (D)
  3 orc priests (D)
  2 iron imps (D)
  Jessica (D)
  3 orc wizards (D)
  3 sheep (D)
  An adder (D)
  2 river rats (D)
  3 white imps (D)
  A shadow imp (D)
  3 ufetubi (D)
  3 adder zombies (D)
  5 adder skeletons (D)
  4 bat skeletons (D)
  4 bat zombies (D)
  2 ball pythons (D)
  2 ball python skeletons (D)
  A giant cockroach zombie (D)
  A giant gecko skeleton (D)
  A jackal skeleton (D)
  A quokka skeleton (D)
  A quokka zombie (D)
  7 crawling corpses (D)
557 creatures vanquished.

Vanquished Creatures (others)
  An ufetubus (D)
  26 eldritch tentacle segments (D)
  6 starspawn tentacles (D)
  92 starspawn tentacle segments (D)
125 creatures vanquished.

Grand Total: 682 creatures vanquished

Notes
Turn   | Place    | Note
--------------------------------------------------------------
     0 | D        | nuthulu the Ogre Fighter began the quest for the Orb.
     0 | D        | Reached XP level 1. HP: 24/24 MP: 1/1
     0 | D        | Found a roughly hewn altar of Beogh.
     0 | D        | Found a corrupted altar of Lugonu.
     0 | D        | Found a viscous altar of Jiyva.
     0 | D        | Found a white marble altar of Elyvilon.
     0 | D        | Found a sparkling altar of Nemelex Xobeh.
     0 | D        | Found a burning altar of Makhleb.
     0 | D        | Found an iron altar of Okawaru.
     0 | D        | Found a deep blue altar of Sif Muna.
     0 | D        | Found a radiant altar of Vehumet.
     0 | D        | Found a bloodstained altar of Trog.
     0 | D        | Found a shimmering altar of Xom.
    67 | D        | Became a worshipper of Cheibriados the Contemplative
    68 | D        | Reached skill level 8 in Fighting
    68 | D        | Reached XP level 2. HP: 30/41 MP: 2/2
   193 | D        | Entered arena 1.
   193 | D        | Noticed a deep elf summoner
   193 | D        | Noticed a deep elf mage
   196 | D        | Noticed a demonic crawler
   197 | D        | Killed a deep elf summoner
   197 | D        | Reached skill level 10 in Fighting
   197 | D        | Reached skill level 10 in Maces & Flails
   197 | D        | Reached XP level 3. HP: 41/54 MP: 3/3
   197 | D        | Reached XP level 4. HP: 47/63 MP: 4/4
   197 | D        | Reached XP level 5. HP: 52/70 MP: 5/5
   197 | D        | Reached XP level 6. HP: 58/79 MP: 6/6
   197 | D        | Reached XP level 7. HP: 63/87 MP: 7/7
   198 | D        | Killed a deep elf mage
   198 | D        | Acquired Cheibriados's first power
   198 | D        | Reached skill level 11 in Fighting
   198 | D        | Reached skill level 5 in Armour
   298 | D        | Entered arena 2.
   298 | D        | Noticed an iron imp
   298 | D        | Noticed a hell hound
   300 | D        | Killed a hell hound
   302 | D        | Killed an iron imp
   307 | D        | Got the amulet of Demm {+Rage Str+5 Dex-2}
   410 | D        | Entered arena 3.
   410 | D        | Noticed a deep elf fighter
   410 | D        | Noticed a deep elf fighter
   410 | D        | Noticed a polar bear
   410 | D        | Noticed a deep elf fighter
   413 | D        | Killed a polar bear
   413 | D        | Reached XP level 8. HP: 98/98 MP: 8/8
   413 | D        | Killed a deep elf fighter
   413 | D        | Reached skill level 12 in Fighting
   413 | D        | Killed a deep elf fighter
   413 | D        | Acquired Cheibriados's second power
   419 | D        | Killed a deep elf fighter
   426 | D        | Entered arena 4.
   426 | D        | Noticed a scorpion
   426 | D        | Noticed a scorpion
   426 | D        | Noticed a scorpion
   426 | D        | Noticed a scorpion
   430 | D        | Killed a scorpion
   430 | D        | Acquired Cheibriados's third power
   430 | D        | Killed a scorpion
   431 | D        | Killed a scorpion
   431 | D        | Acquired Cheibriados's fourth power
   431 | D        | Killed a scorpion
   458 | D        | Entered arena 5.
   458 | D        | Noticed a deep elf knight
   458 | D        | Noticed a deep elf fighter
   458 | D        | Noticed a deep elf conjurer
   458 | D        | Noticed a deep elf mage
   458 | D        | Noticed a deep elf summoner
   462 | D        | Killed a deep elf fighter
   462 | D        | Reached XP level 9. HP: 98/109 MP: 9/9
   463 | D        | Killed a deep elf knight
   463 | D        | Reached skill level 13 in Fighting
   463 | D        | Killed a deep elf summoner
   464 | D        | Killed a deep elf conjurer
   464 | D        | Reached skill level 14 in Fighting
   465 | D        | Killed a deep elf mage
   465 | D        | Reached XP level 10. HP: 98/122 MP: 10/10
   541 | D        | Entered arena 6.
   541 | D        | Noticed Sigmund
   541 | D        | Noticed Jessica
   541 | D        | Noticed Blork the orc
   541 | D        | Noticed Crazy Yiuf
   541 | D        | Noticed Dowan
   541 | D        | Noticed Duvessa
   546 | D        | Killed Dowan
   546 | D        | Killed Sigmund
   546 | D        | Killed Crazy Yiuf
   546 | D        | Killed Jessica
   547 | D        | Killed Blork the orc
   550 | D        | Killed Duvessa
   570 | D        | Entered arena 7.
   570 | D        | Noticed a black bear
   570 | D        | Noticed a wolf
   570 | D        | Noticed a spriggan
   570 | D        | Noticed a spriggan rider
   570 | D        | Noticed a spriggan
   570 | D        | Noticed a black bear
   573 | D        | Killed a wasp
   573 | D        | Killed a spriggan
   573 | D        | Killed a wolf
   573 | D        | Killed a black bear
   574 | D        | Killed a spriggan
   574 | D        | Killed a black bear
   574 | D        | Reached skill level 10 in Dodging
   574 | D        | Reached skill level 10 in Shields
   576 | D        | Killed a spriggan
   586 | D        | Entered arena 8.
   586 | D        | Noticed an orc priest
   586 | D        | Noticed an orc priest
   586 | D        | Noticed an orc wizard
   586 | D        | Noticed an orc wizard
   586 | D        | Noticed an orc wizard
   586 | D        | Noticed an orc priest
   586 | D        | Noticed an orc warrior
   589 | D        | Killed an orc priest
   589 | D        | Killed an orc wizard
   589 | D        | Killed an orc priest
   591 | D        | Killed an orc warrior
   591 | D        | Killed an orc priest
   591 | D        | Reached skill level 15 in Fighting
   591 | D        | Killed an orc wizard
   591 | D        | Killed an orc wizard
   640 | D        | Entered arena 9.
   640 | D        | Noticed a wight
   640 | D        | Noticed a wight
   640 | D        | Noticed a phantom
   640 | D        | Noticed a necrophage
   640 | D        | Noticed a wight
   644 | D        | Killed a wight
   645 | D        | Killed a necrophage
   645 | D        | Killed a wight
   645 | D        | Killed a wight
   654 | D        | Killed a phantom
   659 | D        | Entered arena 10.
   659 | D        | Noticed a deep elf priest
   659 | D        | Noticed a deep elf knight
   659 | D        | Noticed a deep elf knight
   659 | D        | Noticed a deep elf knight
   659 | D        | Noticed a deep elf mage
   659 | D        | Noticed a deep elf mage
   659 | D        | Noticed a deep elf summoner
   659 | D        | Noticed a deep elf summoner
   659 | D        | Noticed a deep elf death mage
   663 | D        | Killed a deep elf mage
   665 | D        | Killed a deep elf priest
   665 | D        | Reached skill level 1 in Invocations
   667 | D        | Killed a deep elf death mage
   668 | D        | Killed a deep elf knight
   668 | D        | Reached XP level 11. HP: 131/135 MP: 10/14
   669 | D        | Killed a deep elf mage
   669 | D        | Killed a deep elf knight
   669 | D        | Reached skill level 16 in Fighting
   669 | D        | Reached skill level 5 in Invocations
   671 | D        | Killed a deep elf summoner
   674 | D        | Killed a deep elf knight
   674 | D        | Reached skill level 10 in Armour
   675 | D        | Killed a deep elf summoner
   689 | D        | Entered arena 11.
   689 | D        | Noticed a small abomination
   689 | D        | Noticed a quasit
   689 | D        | Noticed a tentacled starspawn
   690 | D        | Noticed a small abomination
   690 | D        | Noticed a starcursed mass
   690 | D        | Noticed a crimson imp
   690 | D        | Noticed a flayed ghost
   690 | D        | Noticed a bone dragon
   691 | D        | Killed a small abomination
   692 | D        | Killed a small abomination
   692 | D        | Killed a quasit
   692 | D        | Killed a crimson imp
   693 | D        | Killed a starcursed mass
   694 | D        | Killed a flayed ghost
   699 | D        | Killed a tentacled starspawn
   699 | D        | Reached skill level 17 in Fighting
   707 | D        | Killed a starcursed mass
   707 | D        | Killed a starcursed mass
   712 | D        | Killed a starcursed mass
   712 | D        | Killed a starcursed mass
   713 | D        | Killed a starcursed mass
   731 | D        | Killed a bone dragon
   731 | D        | Reached XP level 12. HP: 48/150 MP: 12/19
  1048 | D        | Entered arena 12.
  1048 | D        | Noticed a porcupine
  1048 | D        | Noticed a komodo dragon
  1048 | D        | Noticed an iguana
  1048 | D        | Noticed a water moccasin
  1049 | D        | Noticed a polar bear
  1049 | D        | Noticed a komodo dragon
  1049 | D        | Noticed a basilisk
  1049 | D        | Noticed a porcupine
  1049 | D        | Noticed a yak
  1049 | D        | Noticed a giant frog
  1051 | D        | Killed a water moccasin
  1051 | D        | Killed a porcupine
  1054 | D        | Killed a basilisk
  1054 | D        | Killed a porcupine
  1054 | D        | Killed a giant frog
  1054 | D        | Reached skill level 18 in Fighting
  1055 | D        | Killed an iguana
  1055 | D        | Killed a komodo dragon
  1056 | D        | Killed a komodo dragon
  1056 | D        | Killed a yak
  1058 | D        | Killed a polar bear
  1067 | D        | Entered arena 13.
  1068 | D        | Noticed an infernal demonspawn
  1068 | D        | Noticed an orange demon
  1068 | D        | Noticed a hell beast
  1068 | D        | Noticed a sun demon
  1068 | D        | Noticed a neqoxec
  1069 | D        | Noticed a sixfirhy
  1069 | D        | Noticed an orange demon
  1069 | D        | Noticed Ymmuuf the pandemonium lord
  1069 | D        | Noticed a soul eater
  1069 | D        | Noticed a smoke demon
  1069 | D        | Noticed a sixfirhy
  1069 | D        | Noticed Inurooqu the pandemonium lord
  1071 | D        | Killed a sixfirhy
  1071 | D        | Killed a sixfirhy
  1071 | D        | Reached skill level 10 in Invocations
  1072 | D        | Killed a hell beast
  1072 | D        | Killed a smoke demon
  1072 | D        | Killed a neqoxec
  1073 | D        | Killed an orange demon
  1073 | D        | Killed a sun demon
  1073 | D        | Killed a soul eater
  1073 | D        | Killed an orange demon
  1077 | D        | Killed an infernal demonspawn
  1083 | D        | Killed Inurooqu the pandemonium lord
  1083 | D        | Reached skill level 19 in Fighting
  1083 | D        | Reached XP level 13. HP: 111/165 MP: 5/22
  1085 | D        | Killed Ymmuuf the pandemonium lord
  1085 | D        | Reached skill level 20 in Fighting
  1226 | D        | Entered arena 14.
  1226 | D        | Noticed a raiju
  1227 | D        | Noticed a large abomination
  1227 | D        | Noticed a wretched star
  1229 | D        | Noticed a quasit
  1230 | D        | Noticed a tentacled starspawn
  1230 | D        | Noticed a bone dragon
  1230 | D        | Noticed a wraith
  1230 | D        | Noticed an apocalypse crab
  1232 | D        | Killed a quasit
  1234 | D        | Killed a raiju
  1234 | D        | Killed a wraith
  1235 | D        | Killed a large abomination
  1235 | D        | Killed a wretched star
  1235 | D        | Killed an apocalypse crab
  1238 | D        | Killed a tentacled starspawn
  1251 | D        | Killed a bone dragon
  1251 | D        | Reached skill level 15 in Dodging
  1251 | D        | Reached skill level 15 in Shields
  1263 | D        | Got the amulet "Hoet" {Spirit rElec rC- Str+2 Stlth+}
  1381 | D        | Entered arena 15.
  1382 | D        | Noticed a mottled dragon
  1382 | D        | Noticed an eight-headed hydra
  1382 | D        | Noticed a five-headed hydra
  1382 | D        | Noticed a fire drake
  1382 | D        | Noticed a fire drake
  1382 | D        | Noticed a death drake
  1382 | D        | Noticed a six-headed hydra
  1383 | D        | Noticed a steam dragon
  1383 | D        | Noticed a mottled dragon
  1383 | D        | Noticed a four-headed hydra
  1383 | D        | Noticed a wyvern
  1383 | D        | Noticed a mottled dragon
  1383 | D        | Noticed a steam dragon
  1383 | D        | Noticed a fire drake
  1384 | D        | Killed a steam dragon
  1384 | D        | Killed a wyvern
  1384 | D        | Killed a steam dragon
  1384 | D        | Killed a fire drake
  1384 | D        | Killed a mottled dragon
  1385 | D        | Killed a fire drake
  1385 | D        | Reached XP level 14. HP: 161/175 MP: 18/24
  1385 | D        | Killed a fire drake
  1385 | D        | Reached skill level 21 in Fighting
  1385 | D        | Killed a mottled dragon
  1385 | D        | Killed a mottled dragon
  1386 | D        | Killed a death drake
  1386 | D        | Killed a four-headed hydra
  1387 | D        | Killed a six-headed hydra
  1387 | D        | Killed a five-headed hydra
  1388 | D        | Killed an eight-headed hydra
  1396 | D        | Got the ring "Naocluif" {+Blink rF+ Int+5}
  1403 | D        | Got the amulet of Ulijif {Faith Int+6}
  1457 | D        | Entered arena 16.
  1460 | D        | Noticed an earth elemental
  1460 | D        | Noticed an earth elemental
  1460 | D        | Noticed a quicksilver dragon
  1460 | D        | Noticed a stone giant
  1460 | D        | Noticed an earth elemental
  1460 | D        | Noticed a gargoyle
  1460 | D        | Noticed a stone giant
  1460 | D        | Noticed an iron dragon
  1461 | D        | Noticed an iron golem
  1461 | D        | Noticed an iron golem
  1461 | D        | Noticed an iron dragon
  1461 | D        | Noticed an iron golem
  1461 | D        | Noticed a crystal guardian
  1461 | D        | Noticed an iron dragon
  1461 | D        | Noticed an iron golem
  1463 | D        | Killed a gargoyle
  1468 | D        | Killed a quicksilver dragon
  1470 | D        | Killed a stone giant
  1470 | D        | Killed a crystal guardian
  1471 | D        | Killed a stone giant
  1471 | D        | Reached skill level 15 in Invocations
  1473 | D        | Killed an iron golem
  1474 | D        | Killed an earth elemental
  1474 | D        | Killed an iron golem
  1474 | D        | Killed an earth elemental
  1475 | D        | Killed an iron golem
  1476 | D        | Killed an iron golem
  1476 | D        | Reached skill level 22 in Fighting
  1478 | D        | Killed an iron dragon
  1478 | D        | Killed an earth elemental
  1479 | D        | Killed an iron dragon
  1483 | D        | Killed an iron dragon
  1493 | D        | Got the ring of Idiub {-Tele rPois rN+ Int+2}
  1648 | D        | Entered arena 17.
  1651 | D        | Noticed a water moccasin
  1651 | D        | Noticed a water moccasin
  1651 | D        | Noticed a giant frog
  1651 | D        | Noticed a crocodile
  1651 | D        | Noticed an eight-headed hydra
  1651 | D        | Noticed a water moccasin
  1651 | D        | Noticed a porcupine
  1652 | D        | Noticed a spiny frog
  1652 | D        | Noticed a spiny frog
  1652 | D        | Noticed an iguana
  1652 | D        | Noticed a porcupine
  1652 | D        | Noticed a yak
  1652 | D        | Noticed a hippogriff
  1652 | D        | Noticed a wolf
  1653 | D        | Killed a giant frog
  1653 | D        | Killed a water moccasin
  1653 | D        | Reached skill level 15 in Armour
  1653 | D        | Killed a water moccasin
  1653 | D        | Killed a porcupine
  1653 | D        | Killed a water moccasin
  1653 | D        | Killed a porcupine
  1653 | D        | Killed an iguana
  1653 | D        | Killed a wolf
  1654 | D        | Killed a crocodile
  1654 | D        | Killed a spiny frog
  1654 | D        | Killed a spiny frog
  1654 | D        | Killed a hippogriff
  1655 | D        | Killed a yak
  1656 | D        | Killed an eight-headed hydra
  1674 | D        | Got the ring of Xom's Bemusement {Ice Str+4}
  1683 | D        | Entered arena 18.
  1686 | D        | Noticed a red draconian
  1686 | D        | Noticed a red draconian
  1686 | D        | Noticed a black draconian
  1686 | D        | Noticed a white draconian
  1686 | D        | Noticed a green draconian scorcher
  1686 | D        | Noticed a red draconian
  1686 | D        | Noticed a mottled draconian
  1686 | D        | Noticed a red draconian scorcher
  1686 | D        | Noticed a white draconian
  1687 | D        | Noticed a mottled draconian
  1687 | D        | Noticed a mottled draconian
  1687 | D        | Noticed a purple draconian
  1687 | D        | Noticed a mottled draconian
  1687 | D        | Noticed a green draconian
  1687 | D        | Noticed a green draconian
  1688 | D        | Noticed a yellow draconian
  1688 | D        | Noticed a yellow draconian
  1689 | D        | Noticed a black draconian
  1689 | D        | Noticed a white draconian
  1692 | D        | Noticed a purple draconian
  1692 | D        | Killed a red draconian scorcher
  1692 | D        | Killed a white draconian
  1692 | D        | Killed a mottled draconian
  1692 | D        | Killed a purple draconian
  1692 | D        | Killed a green draconian
  1692 | D        | Killed a green draconian scorcher
  1692 | D        | Reached XP level 15. HP: 122/191 MP: 20/27
  1692 | D        | Killed a mottled draconian
  1692 | D        | Reached skill level 23 in Fighting
  1693 | D        | Killed a red draconian
  1693 | D        | Killed a mottled draconian
  1693 | D        | Killed a red draconian
  1693 | D        | Killed a mottled draconian
  1693 | D        | Killed a red draconian
  1693 | D        | Killed a white draconian
  1693 | D        | Killed a black draconian
  1693 | D        | Killed a green draconian
  1696 | D        | Killed a yellow draconian
  1696 | D        | Killed a yellow draconian
  1702 | D        | Killed a purple draconian
  1705 | D        | Killed a white draconian
  1710 | D        | Killed a black draconian
  1819 | D        | Got the ring "Zeysuell" {*Contam rElec rF+ rC++ MP+9}
  2086 | D        | Entered arena 19.
  2086 | D        | Noticed a vampire knight
  2086 | D        | Noticed a wight
  2086 | D        | Noticed a necrophage
  2086 | D        | Noticed a vampire
  2091 | D        | Noticed a wight
  2092 | D        | Killed a necrophage
  2094 | D        | Killed a wight
  2094 | D        | Killed a vampire knight
  2094 | D        | Reached skill level 15 in Maces & Flails
  2095 | D        | Noticed a skeletal warrior
  2095 | D        | Noticed a lich
  2095 | D        | Noticed a vampire mage
  2095 | D        | Noticed a skeletal warrior
  2096 | D        | Noticed a wight
  2096 | D        | Noticed a vampire knight
  2096 | D        | Noticed a vampire knight
  2096 | D        | Killed a wight
  2097 | D        | Noticed a skeletal warrior
  2097 | D        | Killed a vampire
  2097 | D        | Killed a wight
  2097 | D        | Killed a vampire mage
  2098 | D        | Noticed a vampire mage
  2098 | D        | Killed a skeletal warrior
  2098 | D        | Reached skill level 24 in Fighting
  2099 | D        | Noticed a necromancer
  2099 | D        | Killed a skeletal warrior
  2099 | D        | Killed a lich
  2099 | D        | Killed a vampire knight
  2099 | D        | Killed a vampire knight
  2100 | D        | Killed a skeletal warrior
  2100 | D        | Killed a vampire mage
  2101 | D        | Noticed an eldritch tentacle
  2101 | D        | Noticed a vampire mage
  2101 | D        | Killed a necromancer
  2109 | D        | Killed a vampire mage
  2109 | D        | Killed an eldritch tentacle
  2111 | D        | Noticed a vampire knight
  2114 | D        | Paralysed by a vampire knight for 7 turns
  2126 | D        | Killed a vampire knight
  2399 | D        | Entered arena 20.
  2399 | D        | Noticed a wolf
  2402 | D        | Killed a wolf
  2404 | D        | Noticed a spriggan air mage
  2404 | D        | Noticed a spriggan berserker
  2404 | D        | Noticed a spriggan defender
  2404 | D        | Noticed a spriggan berserker
  2404 | D        | Noticed a dire elephant
  2405 | D        | Noticed a wind drake
  2405 | D        | Noticed a spriggan druid
  2405 | D        | Noticed a spriggan defender
  2405 | D        | Noticed a spriggan berserker
  2405 | D        | Noticed a spriggan berserker
  2406 | D        | Noticed a shambling mangrove
  2406 | D        | Noticed a spriggan berserker
  2407 | D        | Noticed a spriggan berserker
  2408 | D        | Killed a spriggan air mage
  2409 | D        | Noticed a spriggan druid
  2409 | D        | Killed a spriggan defender
  2409 | D        | Killed a spriggan berserker
  2409 | D        | Killed a spriggan defender
  2409 | D        | Killed a spriggan berserker
  2409 | D        | Killed a spriggan berserker
  2409 | D        | Killed a spriggan berserker
  2409 | D        | Killed a wind drake
  2409 | D        | Killed a spriggan druid
  2409 | D        | Killed a spriggan berserker
  2409 | D        | Killed a spriggan berserker
  2409 | D        | Reached XP level 16. HP: 208/208 MP: 29/29
  2409 | D        | Killed a spriggan druid
  2410 | D        | Noticed an anaconda
  2410 | D        | Noticed a spriggan berserker
  2410 | D        | Noticed a spriggan defender
  2410 | D        | Killed an anaconda
  2411 | D        | Noticed a wind drake
  2411 | D        | Noticed a spriggan berserker
  2412 | D        | Noticed a spriggan defender
  2412 | D        | Killed a spriggan defender
  2412 | D        | Reached skill level 25 in Fighting
  2412 | D        | Killed a spriggan berserker
  2413 | D        | Noticed a faun
  2413 | D        | Noticed a wind drake
  2413 | D        | Noticed a spriggan berserker
  2413 | D        | Noticed a shambling mangrove
  2415 | D        | Killed a dire elephant
  2416 | D        | Killed a spriggan berserker
  2416 | D        | Killed a spriggan defender
  2416 | D        | Killed a wind drake
  2416 | D        | Killed a spriggan berserker
  2417 | D        | Killed a wind drake
  2417 | D        | Killed a faun
  2419 | D        | Killed a shambling mangrove
  2425 | D        | Killed a shambling mangrove
  2506 | D        | Entered arena 21.
  2510 | D        | Noticed a deep elf mage
  2510 | D        | Noticed a deep elf mage
  2510 | D        | Noticed a deep elf blademaster
  2510 | D        | Noticed a deep elf knight
  2510 | D        | Noticed a deep elf master archer
  2510 | D        | Noticed a deep elf high priest
  2510 | D        | Noticed a deep elf sorcerer
  2510 | D        | Noticed a deep elf blademaster
  2510 | D        | Noticed a deep elf conjurer
  2510 | D        | Noticed a deep elf master archer
  2510 | D        | Noticed a deep elf blademaster
  2510 | D        | Noticed a deep elf high priest
  2510 | D        | Noticed a deep elf blademaster
  2511 | D        | Noticed a deep elf annihilator
  2511 | D        | Noticed a deep elf master archer
  2512 | D        | Noticed a deep elf blademaster
  2512 | D        | Noticed a deep elf blademaster
  2512 | D        | Noticed a deep elf fighter
  2512 | D        | Noticed a deep elf sorcerer
  2512 | D        | Killed a deep elf sorcerer
  2512 | D        | Killed a deep elf mage
  2512 | D        | Killed a deep elf conjurer
  2513 | D        | Noticed a deep elf fighter
  2513 | D        | Noticed a deep elf conjurer
  2513 | D        | Killed a deep elf blademaster
  2513 | D        | Killed a deep elf blademaster
  2513 | D        | Killed a deep elf blademaster
  2513 | D        | Killed a deep elf high priest
  2513 | D        | Killed a deep elf knight
  2513 | D        | Killed a deep elf blademaster
  2513 | D        | Killed a deep elf fighter
  2513 | D        | Killed a deep elf mage
  2513 | D        | Killed a deep elf high priest
  2514 | D        | Noticed a deep elf master archer
  2514 | D        | Noticed a deep elf master archer
  2514 | D        | Noticed a deep elf master archer
  2514 | D        | Killed a deep elf blademaster
  2514 | D        | Reached skill level 26 in Fighting
  2514 | D        | Killed a deep elf blademaster
  2514 | D        | Killed a deep elf master archer
  2514 | D        | Killed a deep elf sorcerer
  2515 | D        | Noticed a deep elf priest
  2515 | D        | Killed a deep elf master archer
  2515 | D        | Killed a deep elf conjurer
  2515 | D        | Killed a deep elf master archer
  2516 | D        | Noticed a deep elf mage
  2516 | D        | Noticed a deep elf fighter
  2516 | D        | Noticed a deep elf sorcerer
  2516 | D        | Killed a deep elf priest
  2516 | D        | Killed a deep elf annihilator
  2517 | D        | Killed a deep elf mage
  2517 | D        | Killed a deep elf master archer
  2517 | D        | Killed a deep elf fighter
  2517 | D        | Killed a deep elf master archer
  2517 | D        | Killed a deep elf fighter
  2517 | D        | Killed a deep elf sorcerer
  2518 | D        | Noticed a deep elf sorcerer
  2520 | D        | Gained mutation: Your body sometimes deteriorates upon taking damage. [a neqoxec]
  2522 | D        | Killed a deep elf master archer
  2522 | D        | Reached XP level 17. HP: 213/223 MP: 5/31
  2525 | D        | Gained mutation: Your body often deteriorates upon taking damage. [a neqoxec]
  2528 | D        | Killed a deep elf sorcerer
  2630 | D        | Entered arena 22.
  2637 | D        | Noticed a greater naga
  2637 | D        | Noticed a naga warrior
  2637 | D        | Noticed a naga
  2637 | D        | Noticed an anaconda
  2637 | D        | Noticed a water moccasin
  2637 | D        | Noticed a naga
  2637 | D        | Noticed a naga warrior
  2637 | D        | Noticed a greater naga
  2637 | D        | Noticed an anaconda
  2637 | D        | Noticed an anaconda
  2638 | D        | Noticed an anaconda
  2638 | D        | Noticed a guardian serpent
  2638 | D        | Noticed an anaconda
  2638 | D        | Noticed a naga warrior
  2638 | D        | Noticed a naga
  2638 | D        | Noticed a naga mage
  2638 | D        | Noticed a greater naga
  2638 | D        | Noticed a greater naga
  2638 | D        | Killed a water moccasin
  2638 | D        | Killed a guardian serpent
  2639 | D        | Noticed a naga warrior
  2639 | D        | Noticed a water moccasin
  2639 | D        | Killed an anaconda
  2639 | D        | Killed an anaconda
  2639 | D        | Killed an anaconda
  2639 | D        | Reached skill level 27 in Fighting
  2639 | D        | Killed an anaconda
  2639 | D        | Killed an anaconda
  2639 | D        | Killed a water moccasin
  2640 | D        | Noticed a naga
  2640 | D        | Noticed a guardian serpent
  2640 | D        | Noticed a greater naga
  2640 | D        | Noticed an anaconda
  2640 | D        | Noticed a black mamba
  2640 | D        | Noticed a naga warrior
  2640 | D        | Noticed a naga
  2640 | D        | Noticed a water moccasin
  2640 | D        | Noticed a naga mage
  2640 | D        | Noticed a naga
  2642 | D        | Killed a naga
  2644 | D        | Killed an anaconda
  2644 | D        | Killed a naga
  2644 | D        | Killed a water moccasin
  2645 | D        | Killed a black mamba
  2649 | D        | Killed a greater naga
  2649 | D        | Killed a naga
  2649 | D        | Killed a naga
  2649 | D        | Killed a naga warrior
  2650 | D        | Killed a greater naga
  2650 | D        | Killed a greater naga
  2651 | D        | Killed a naga
  2651 | D        | Killed a guardian serpent
  2651 | D        | Killed a naga mage
  2652 | D        | Killed a greater naga
  2654 | D        | Killed a naga warrior
  2654 | D        | Killed a naga mage
  2655 | D        | Killed a naga warrior
  2655 | D        | Killed a naga
  2660 | D        | Killed a naga warrior
  2662 | D        | Killed a greater naga
  2666 | D        | Killed a naga warrior
  2849 | D        | Entered arena 23.
  2856 | D        | Noticed an Orb Guardian
  2856 | D        | Noticed a yellow draconian
  2856 | D        | Noticed an Orb Guardian
  2856 | D        | Noticed a purple draconian
  2856 | D        | Noticed an Orb Guardian
  2856 | D        | Noticed an Orb Guardian
  2856 | D        | Noticed an Orb Guardian
  2856 | D        | Noticed a moth of wrath
  2856 | D        | Noticed a green draconian
  2856 | D        | Noticed an Orb Guardian
  2856 | D        | Noticed a curse toe
  2856 | D        | Noticed a purple draconian
  2856 | D        | Noticed a curse toe
  2857 | D        | Noticed an Orb Guardian
  2857 | D        | Noticed an Orb Guardian
  2857 | D        | Noticed a yellow draconian
  2857 | D        | Noticed a storm dragon
  2857 | D        | Noticed a yellow draconian
  2857 | D        | Noticed a purple draconian
  2857 | D        | Noticed a green draconian
  2857 | D        | Noticed an Orb Guardian
  2857 | D        | Noticed a mottled draconian
  2857 | D        | Noticed a green draconian
  2857 | D        | Noticed a white draconian
  2857 | D        | Noticed a mottled draconian
  2858 | D        | Noticed an Orb Guardian
  2858 | D        | Noticed an Orb Guardian
  2858 | D        | Killed a moth of wrath
  2859 | D        | Noticed a red draconian
  2859 | D        | Noticed an Orb Guardian
  2859 | D        | Noticed a moth of wrath
  2859 | D        | Noticed a green draconian
  2859 | D        | Noticed a golden dragon
  2859 | D        | Noticed an Orb Guardian
  2859 | D        | Killed an Orb Guardian
  2859 | D        | Killed an Orb Guardian
  2859 | D        | Killed an Orb Guardian
  2859 | D        | Killed an Orb Guardian
  2859 | D        | Killed an Orb Guardian
  2859 | D        | Killed an Orb Guardian
  2859 | D        | Killed an Orb Guardian
  2859 | D        | Killed an Orb Guardian
  2859 | D        | Killed an Orb Guardian
  2859 | D        | Noticed a moth of wrath
  2860 | D        | Noticed an Orb Guardian
  2860 | D        | Noticed an Orb Guardian
  2860 | D        | Noticed a mottled draconian
  2860 | D        | Killed a storm dragon
  2860 | D        | Killed an Orb Guardian
  2860 | D        | Killed a moth of wrath
  2860 | D        | Killed an Orb Guardian
  2861 | D        | Noticed a red draconian
  2861 | D        | Killed a yellow draconian
  2861 | D        | Killed a purple draconian
  2861 | D        | Killed a green draconian
  2861 | D        | Reached XP level 18. HP: 218/235 MP: 20/33
  2861 | D        | Killed a yellow draconian
  2861 | D        | Killed a mottled draconian
  2861 | D        | Killed an Orb Guardian
  2861 | D        | Killed an Orb Guardian
  2861 | D        | Killed a green draconian
  2862 | D        | Noticed a green draconian
  2862 | D        | Killed a purple draconian
  2862 | D        | Killed a green draconian
  2862 | D        | Killed a purple draconian
  2862 | D        | Killed a yellow draconian
  2862 | D        | Killed an Orb Guardian
  2862 | D        | Killed an Orb Guardian
  2862 | D        | Killed a moth of wrath
  2863 | D        | Killed a mottled draconian
  2863 | D        | Killed a white draconian
  2864 | D        | Killed a red draconian
  2864 | D        | Killed a golden dragon
  2864 | D        | Killed a green draconian
  2864 | D        | Killed a mottled draconian
  2864 | D        | Killed a green draconian
  2868 | D        | Killed a red draconian
  2869 | D        | Killed a curse toe
  2881 | D        | Killed a curse toe
  3149 | D        | Entered arena 24.
  3156 | D        | Noticed an earth elemental
  3156 | D        | Noticed a crystal guardian
  3156 | D        | Noticed an earth elemental
  3156 | D        | Noticed a stone giant
  3156 | D        | Noticed an iron dragon
  3156 | D        | Noticed a crystal guardian
  3156 | D        | Noticed a stone giant
  3156 | D        | Noticed a stone giant
  3156 | D        | Noticed an iron dragon
  3156 | D        | Noticed a stone giant
  3156 | D        | Noticed a crystal guardian
  3156 | D        | Noticed an earth elemental
  3156 | D        | Noticed a quicksilver dragon
  3156 | D        | Noticed an iron dragon
  3156 | D        | Noticed a crystal guardian
  3156 | D        | Noticed a stone giant
  3156 | D        | Noticed a stone giant
  3157 | D        | Noticed a gargoyle
  3157 | D        | Noticed a crystal guardian
  3157 | D        | Noticed an earth elemental
  3157 | D        | Noticed a crystal guardian
  3157 | D        | Noticed an earth elemental
  3157 | D        | Noticed an iron golem
  3157 | D        | Noticed an iron golem
  3157 | D        | Noticed a crystal guardian
  3157 | D        | Noticed a quicksilver dragon
  3157 | D        | Noticed a quicksilver dragon
  3158 | D        | Noticed an earth elemental
  3158 | D        | Noticed an iron dragon
  3158 | D        | Noticed a quicksilver dragon
  3158 | D        | Killed a gargoyle
  3158 | D        | Noticed an iron dragon
  3159 | D        | Noticed a gargoyle
  3159 | D        | Noticed an earth elemental
  3159 | D        | Killed a quicksilver dragon
  3159 | D        | Killed a quicksilver dragon
  3159 | D        | Killed a quicksilver dragon
  3159 | D        | Killed a crystal guardian
  3159 | D        | Killed a quicksilver dragon
  3160 | D        | Noticed an iron golem
  3160 | D        | Noticed a stone giant
  3160 | D        | Noticed an iron dragon
  3160 | D        | Killed a crystal guardian
  3160 | D        | Killed a crystal guardian
  3160 | D        | Killed a crystal guardian
  3160 | D        | Killed a crystal guardian
  3160 | D        | Killed a crystal guardian
  3160 | D        | Killed a crystal guardian
  3160 | D        | Killed a gargoyle
  3161 | D        | Noticed a stone giant
  3161 | D        | Killed a stone giant
  3161 | D        | Killed a stone giant
  3161 | D        | Killed a stone giant
  3161 | D        | Killed a stone giant
  3161 | D        | Killed a stone giant
  3162 | D        | Noticed an earth elemental
  3162 | D        | Noticed an earth elemental
  3162 | D        | Noticed an earth elemental
  3162 | D        | Killed a stone giant
  3163 | D        | Noticed an earth elemental
  3163 | D        | Noticed an iron golem
  3164 | D        | Noticed a stone giant
  3166 | D        | Killed an iron dragon
  3166 | D        | Killed an iron golem
  3166 | D        | Reached XP level 19. HP: 225/245 MP: 14/35
  3167 | D        | Noticed an earth elemental
  3167 | D        | Killed an iron dragon
  3167 | D        | Reached skill level 27 in Maces & Flails
  3168 | D        | Killed a stone giant
  3168 | D        | Killed an earth elemental
  3169 | D        | Noticed an iron golem
  3171 | D        | Killed an iron dragon
  3171 | D        | Killed an earth elemental
  3171 | D        | Killed an iron golem
  3171 | D        | Killed an iron dragon
  3173 | D        | Killed an earth elemental
  3174 | D        | Killed an earth elemental
  3174 | D        | Killed a stone giant
  3176 | D        | Killed an earth elemental
  3179 | D        | Killed an earth elemental
  3180 | D        | Killed an iron dragon
  3180 | D        | Killed an earth elemental
  3180 | D        | Killed an earth elemental
  3182 | D        | Killed an iron dragon
  3182 | D        | Killed an earth elemental
  3183 | D        | Killed an iron golem
  3183 | D        | Killed an iron golem
  3185 | D        | Killed an earth elemental
  3187 | D        | Killed an earth elemental
  3188 | D        | Killed an earth elemental
  3193 | D        | Killed an iron golem
  3203 | D        | Killed a stone giant
  3235 | D        | Entered arena 25.
  3235 | D        | Noticed a vampire knight
  3235 | D        | Noticed a vampire mage
  3235 | D        | Noticed a vampire knight
  3235 | D        | Noticed a vampire
  3235 | D        | Noticed a vampire
  3235 | D        | Noticed a necrophage
  3236 | D        | Noticed a vampire
  3237 | D        | Noticed a vampire knight
  3237 | D        | Killed a necrophage
  3237 | D        | Killed a vampire
  3237 | D        | Killed a vampire
  3238 | D        | Noticed a vampire
  3239 | D        | Noticed a vampire knight
  3241 | D        | Noticed a wight
  3241 | D        | Killed a vampire
  3243 | D        | Killed a wight
  3244 | D        | Noticed a vampire knight
  3246 | D        | Noticed a wight
  3246 | D        | Killed a vampire knight
  3247 | D        | Noticed a lich
  3247 | D        | Noticed a vampire knight
  3247 | D        | Killed a vampire knight
  3248 | D        | Noticed a necromancer
  3250 | D        | Noticed a vampire knight
  3250 | D        | Killed a vampire mage
  3251 | D        | Noticed a shadow
  3251 | D        | Noticed a necromancer
  3252 | D        | Noticed a skeletal warrior
  3252 | D        | Noticed a shadow
  3252 | D        | Noticed a shadow
  3252 | D        | Killed a vampire knight
  3252 | D        | Killed a wight
  3253 | D        | Noticed a lich
  3253 | D        | Noticed a skeletal warrior
  3253 | D        | Noticed a vampire knight
  3253 | D        | Killed a vampire
  3253 | D        | Killed a vampire knight
  3253 | D        | Killed a necromancer
  3253 | D        | Killed a necromancer
  3253 | D        | Killed a shadow
  3253 | D        | Killed a shadow
  3253 | D        | Killed a shadow
  3254 | D        | Noticed a skeletal warrior
  3254 | D        | Noticed a shadow
  3254 | D        | Killed a vampire knight
  3254 | D        | Killed a shadow
  3255 | D        | Noticed a shadow
  3255 | D        | Killed a vampire knight
  3255 | D        | Killed a vampire knight
  3255 | D        | Killed a skeletal warrior
  3256 | D        | Noticed a necrophage
  3256 | D        | Noticed a vampire knight
  3256 | D        | Noticed a shadow
  3256 | D        | Noticed a ghoul
  3256 | D        | Noticed a ghoul
  3257 | D        | Noticed a shadow
  3257 | D        | Noticed a shadow
  3257 | D        | Noticed a shadow
  3257 | D        | Noticed a necromancer
  3258 | D        | Noticed a shadow
  3258 | D        | Noticed a shadow
  3258 | D        | Killed a lich
  3261 | D        | Killed a shadow
  3261 | D        | Killed a skeletal warrior
  3261 | D        | Reached skill level 27 in Invocations
  3261 | D        | Killed a vampire knight
  3261 | D        | Killed a shadow
  3261 | D        | Killed a lich
  3261 | D        | Killed a skeletal warrior
  3261 | D        | Killed a shadow
  3261 | D        | Killed a shadow
  3261 | D        | Killed a shadow
  3263 | D        | Killed a necrophage
  3265 | D        | Killed a necromancer
  3266 | D        | Killed a ghoul
  3267 | D        | Killed a shadow
  3270 | D        | Killed a shadow
  3271 | D        | Killed a ghoul
  3275 | D        | Killed a vampire knight
  3432 | D        | Entered arena 26.
  3432 | D        | Noticed a raiju
  3432 | D        | Noticed a raiju
  3437 | D        | Noticed a worldbinder
  3437 | D        | Noticed a small abomination
  3438 | D        | Noticed a ynoxinul
  3438 | D        | Noticed a smoke demon
  3438 | D        | Noticed an orange demon
  3438 | D        | Noticed a wretched star
  3438 | D        | Killed a raiju
  3438 | D        | Killed a raiju
  3438 | D        | Killed a small abomination
  3439 | D        | Noticed a neqoxec
  3439 | D        | Noticed a vampire
  3439 | D        | Noticed a neqoxec
  3439 | D        | Killed a worldbinder
  3439 | D        | Killed a smoke demon
  3439 | D        | Killed a ynoxinul
  3440 | D        | Noticed a cacodemon
  3440 | D        | Killed a wretched star
  3440 | D        | Killed an orange demon
  3440 | D        | Killed a vampire
  3440 | D        | Killed a neqoxec
  3440 | D        | Killed a neqoxec
  3440 | D        | Gained mutation: Your magical capacity is low (-10% MP). [a cacodemon]
  3441 | D        | Noticed a large abomination
  3441 | D        | Gained mutation: Armour fits poorly on your strangely shaped body. [a cacodemon]
  3441 | D        | Gained mutation: Your magical capacity is very low (-20% MP). [a cacodemon]
  3442 | D        | Noticed an iron imp
  3442 | D        | Noticed a small abomination
  3442 | D        | Noticed a hellion
  3442 | D        | Noticed a tentacled starspawn
  3442 | D        | Killed an iron imp
  3442 | D        | Killed a small abomination
  3443 | D        | Noticed a ynoxinul
  3443 | D        | Killed a hellion
  3443 | D        | Killed a large abomination
  3444 | D        | Killed a ynoxinul
  3445 | D        | Noticed a blink frog
  3445 | D        | Killed a tentacled starspawn
  3445 | D        | Killed a blink frog
  3446 | D        | Noticed a wretched star
  3446 | D        | Noticed an apocalypse crab
  3447 | D        | Noticed a lich
  3447 | D        | Noticed a rakshasa
  3447 | D        | Noticed a bone dragon
  3447 | D        | Killed a cacodemon
  3448 | D        | Noticed Muumic the pandemonium lord
  3448 | D        | Noticed a starcursed mass
  3449 | D        | Noticed a quasit
  3449 | D        | Noticed a small abomination
  3449 | D        | Noticed a shadow demon
  3449 | D        | Noticed a sixfirhy
  3449 | D        | Noticed a smoke demon
  3449 | D        | Killed a sixfirhy
  3449 | D        | Killed a quasit
  3450 | D        | Noticed a large abomination
  3450 | D        | Killed a smoke demon
  3450 | D        | Killed a small abomination
  3450 | D        | Gained mutation: You are weak. (Str -2) [a cacodemon]
  3451 | D        | Noticed a quasit
  3452 | D        | Noticed an angel
  3453 | D        | Noticed a ynoxinul
  3453 | D        | Killed an apocalypse crab
  3453 | D        | Killed a wretched star
  3453 | D        | Killed a quasit
  3454 | D        | Noticed a raiju
  3454 | D        | Noticed a large abomination
  3454 | D        | Killed a lich
  3454 | D        | Killed a large abomination
  3454 | D        | Killed a shadow demon
  3454 | D        | Killed a ynoxinul
  3455 | D        | Noticed an orb spider
  3455 | D        | Noticed a neqoxec
  3455 | D        | Killed a rakshasa
  3455 | D        | Killed a rakshasa
  3455 | D        | Killed Muumic the pandemonium lord
  3455 | D        | Killed an angel
  3455 | D        | Killed a raiju
  3456 | D        | Noticed a chaos spawn
  3456 | D        | Noticed a quasit
  3456 | D        | Killed a large abomination
  3456 | D        | Killed an orb spider
  3456 | D        | Killed a quasit
  3456 | D        | Killed a neqoxec
  3456 | D        | Killed a chaos spawn
  3457 | D        | Noticed a small abomination
  3458 | D        | Noticed a starcursed mass
  3461 | D        | Noticed a neqoxec
  3463 | D        | Noticed an efreet
  3464 | D        | Noticed a large abomination
  3464 | D        | Killed a small abomination
  3466 | D        | Noticed a smoke demon
  3467 | D        | Noticed an orange demon
  3467 | D        | Noticed a hungry ghost
  3467 | D        | Noticed an ancient zyme
  3467 | D        | Noticed a large abomination
  3468 | D        | Noticed a fire bat
  3470 | D        | Killed a bone dragon
  3471 | D        | Killed a fire bat
  3471 | D        | Killed a neqoxec
  3471 | D        | Killed a large abomination
  3471 | D        | Killed a starcursed mass
  3471 | D        | Killed a starcursed mass
  3472 | D        | Killed an efreet
  3474 | D        | Killed an orange demon
  3474 | D        | Killed a starcursed mass
  3475 | D        | Killed an ancient zyme
  3476 | D        | Killed a large abomination
  3476 | D        | Killed a smoke demon
  3477 | D        | Killed a hungry ghost
  3478 | D        | Paralysed by accursed screaming for 1 turns
  3479 | D        | Killed a starcursed mass
  3479 | D        | Killed a starcursed mass
  3479 | D        | Killed a starcursed mass
  3479 | D        | Killed a starcursed mass
  3479 | D        | Killed a starcursed mass
  3479 | D        | Killed a starcursed mass
  3481 | D        | Killed a starcursed mass
  3483 | D        | Killed a starcursed mass
  3486 | D        | Noticed a thrashing horror
  3495 | D        | Killed a thrashing horror
  3803 | D        | Entered arena 27.
  3811 | D        | Noticed a deep elf high priest
  3813 | D        | Noticed a deep elf blademaster
  3813 | D        | Noticed a deep elf master archer
  3813 | D        | Noticed a deep elf blademaster
  3813 | D        | Noticed a deep elf fighter
  3813 | D        | Noticed a deep elf master archer
  3813 | D        | Noticed a deep elf conjurer
  3813 | D        | Noticed a deep elf annihilator
  3813 | D        | Noticed a deep elf master archer
  3813 | D        | Noticed a deep elf blademaster
  3813 | D        | Noticed a deep elf annihilator
  3813 | D        | Noticed a deep elf priest
  3813 | D        | Noticed a deep elf fighter
  3814 | D        | Noticed a deep elf master archer
  3814 | D        | Noticed a deep elf high priest
  3814 | D        | Noticed a deep elf mage
  3814 | D        | Noticed a deep elf master archer
  3814 | D        | Noticed a deep elf master archer
  3815 | D        | Noticed a deep elf high priest
  3815 | D        | Noticed a deep elf master archer
  3815 | D        | Noticed a deep elf master archer
  3815 | D        | Noticed a deep elf blademaster
  3815 | D        | Noticed a deep elf sorcerer
  3815 | D        | Killed a deep elf high priest
  3815 | D        | Reached XP level 20. HP: 233/256 MP: 27/30
  3815 | D        | Killed a deep elf fighter
  3816 | D        | Noticed a deep elf master archer
  3816 | D        | Noticed a deep elf annihilator
  3816 | D        | Killed a deep elf blademaster
  3816 | D        | Killed a deep elf blademaster
  3816 | D        | Killed a deep elf high priest
  3816 | D        | Killed a deep elf conjurer
  3816 | D        | Killed a deep elf fighter
  3817 | D        | Noticed a deep elf mage
  3817 | D        | Noticed a deep elf priest
  3817 | D        | Killed a deep elf blademaster
  3817 | D        | Killed a deep elf blademaster
  3817 | D        | Reached skill level 27 in Dodging
  3817 | D        | Reached skill level 27 in Shields
  3817 | D        | Killed a deep elf annihilator
  3817 | D        | Killed a deep elf master archer
  3817 | D        | Killed a deep elf annihilator
  3817 | D        | Killed a deep elf master archer
  3817 | D        | Killed a deep elf sorcerer
  3818 | D        | Noticed a deep elf knight
  3818 | D        | Noticed a deep elf conjurer
  3818 | D        | Noticed a deep elf sorcerer
  3818 | D        | Noticed a deep elf priest
  3818 | D        | Noticed a deep elf high priest
  3818 | D        | Noticed a deep elf high priest
  3818 | D        | Noticed a deep elf annihilator
  3818 | D        | Killed a deep elf master archer
  3818 | D        | Killed a deep elf master archer
  3818 | D        | Killed a deep elf master archer
  3818 | D        | Killed a deep elf master archer
  3818 | D        | Killed a deep elf high priest
  3818 | D        | Reached skill level 27 in Armour
  3818 | D        | Reached skill level 1 in Throwing
  3818 | D        | Reached skill level 1 in Stealth
  3818 | D        | Reached skill level 1 in Unarmed Combat
  3818 | D        | Reached skill level 1 in Spellcasting
  3818 | D        | Killed a deep elf priest
  3818 | D        | Reached skill level 1 in Evocations
  3818 | D        | Killed a deep elf priest
  3818 | D        | Killed a deep elf mage
  3818 | D        | Killed a deep elf master archer
  3819 | D        | Noticed a deep elf high priest
  3819 | D        | Noticed a deep elf master archer
  3819 | D        | Killed a deep elf annihilator
  3819 | D        | Reached skill level 5 in Throwing
  3819 | D        | Killed a deep elf master archer
  3819 | D        | Killed a deep elf master archer
  3819 | D        | Reached skill level 5 in Spellcasting
  3819 | D        | Killed a deep elf priest
  3819 | D        | Killed a deep elf mage
  3820 | D        | Noticed a deep elf mage
  3820 | D        | Noticed a deep elf mage
  3820 | D        | Noticed a deep elf high priest
  3820 | D        | Noticed a deep elf knight
  3820 | D        | Noticed a deep elf mage
  3820 | D        | Noticed a deep elf mage
  3820 | D        | Noticed a deep elf master archer
  3820 | D        | Noticed a deep elf annihilator
  3820 | D        | Noticed a deep elf master archer
  3820 | D        | Noticed a deep elf fighter
  3821 | D        | Noticed a deep elf summoner
  3821 | D        | Noticed a deep elf death mage
  3821 | D        | Killed a deep elf high priest
  3821 | D        | Reached skill level 5 in Unarmed Combat
  3821 | D        | Killed a deep elf conjurer
  3821 | D        | Reached skill level 5 in Stealth
  3821 | D        | Killed a deep elf knight
  3821 | D        | Killed a deep elf sorcerer
  3821 | D        | Reached skill level 5 in Evocations
  3821 | D        | Killed a deep elf high priest
  3822 | D        | Noticed a deep elf priest
  3822 | D        | Noticed a deep elf blademaster
  3822 | D        | Noticed a deep elf annihilator
  3822 | D        | Noticed a deep elf mage
  3822 | D        | Noticed a deep elf high priest
  3822 | D        | Killed a deep elf annihilator
  3822 | D        | Reached skill level 10 in Throwing
  3822 | D        | Killed a deep elf high priest
  3822 | D        | Killed a deep elf mage
  3822 | D        | Killed a deep elf mage
  3822 | D        | Killed a deep elf mage
  3823 | D        | Noticed a fire drake
  3823 | D        | Noticed a deep elf conjurer
  3823 | D        | Noticed a deep elf knight
  3823 | D        | Killed a deep elf knight
  3823 | D        | Killed a deep elf high priest
  3823 | D        | Killed a deep elf mage
  3823 | D        | Killed a deep elf summoner
  3824 | D        | Noticed a deep elf summoner
  3824 | D        | Killed a deep elf master archer
  3824 | D        | Killed a deep elf blademaster
  3824 | D        | Killed a deep elf master archer
  3824 | D        | Killed a deep elf annihilator
  3824 | D        | Killed a fire drake
  3824 | D        | Killed a deep elf high priest
  3824 | D        | Killed a deep elf mage
  3824 | D        | Killed a deep elf fighter
  3824 | D        | Killed a deep elf priest
  3824 | D        | Killed a deep elf death mage
  3825 | D        | Noticed a deep elf mage
  3825 | D        | Noticed a deep elf sorcerer
  3826 | D        | Noticed a deep elf master archer
  3827 | D        | Noticed a deep elf conjurer
  3827 | D        | Killed a ghostly deep elf knight
  3827 | D        | Killed a deep elf knight
  3827 | D        | Reached skill level 10 in Spellcasting
  3827 | D        | Killed a deep elf conjurer
  3827 | D        | Killed a deep elf master archer
  3828 | D        | Killed a deep elf annihilator
  3828 | D        | Killed a deep elf mage
  3828 | D        | Killed a deep elf summoner
  3829 | D        | Killed a deep elf conjurer
  3833 | D        | Killed a deep elf sorcerer
  3834 | D        | Killed a deep elf master archer
  3834 | D        | Killed a ghostly deep elf master archer
  3840 | D        | Got the ring of Leguggai {Fire Str+4}
  3946 | D        | Got the Orb of Zot
  3951 | D        | Escaped with the Orb!

Vault maps used:
D:        sprint_v

Action                   |  1- 3 |  4- 6 |  7- 9 | 10-12 | 13-15 | 16-18 | 19-21 || total
-------------------------+-------+-------+-------+-------+-------+-------+-------++-------
Melee: Shillelagh        |     4 |       |    22 |    89 |    87 |    56 |    89 ||   347
Invok: Slouch            |       |       |       |     7 |    25 |    31 |    38 ||   101
Evoke: Wand              |       |       |       |       |       |     2 |     1 ||     3
  Use: Potion            |     1 |       |       |     1 |     2 |     4 |     4 ||    12
       Scroll            |       |       |       |     1 |     4 |       |       ||     5
  Eat: Bread ration      |       |       |       |       |     2 |       |       ||     2
       Royal jelly       |       |       |       |       |       |     5 |     3 ||     8
